 Dungeon Crawl Stone Soup version 0.24-a0-368-g0e0cebd0f3 (webtiles) character file.

Game seed: 18182237682437771770

1064 Ijustatesigmund the Cudgeler (level 8, 0/57 HPs)
             Began as an Octopode Fighter on May 28, 2019.
             Slain by an orc
             ... wielding a +0 dagger
              (6 damage)
             ... on level 5 of the Dungeon.
             The game lasted 00:07:21 (4151 turns).

Ijustatesigmund the Cudgeler (Octopode Fighter)     Turns: 4151, Time: 00:07:21

Health: 0/57       AC:  1    Str: 15    XL:     8   Next: 27%
Magic:  2/2        EV: 14    Int: 13    God:
Gold:   224        SH:  9    Dex: 14    Spells: 7/7 levels left

rFire    + . .     SeeInvis +   A - +10 trident "Rimpet" {antimagic, -Tele rN++ Int+3}
rCold    + . .     Gourm    .   b - +0 shield
rNeg     + + .     Faith    .   (helmet restricted)
rPois    .         Spirit   .   (no amulet)
rElec    .         Reflect  .   i - ring of flight
rCorr    .         Harm     .   e - ring of protection from cold
MR       .....     NoTele   +   o - ring of see invisible
Stlth    ++........             y - ring of protection from fire
HPRegen  0.19/turn              (no ring)
MPRegen  0.08/turn              (no ring)
                                (no ring)
                                (no ring)

@: no status effects
A: almost no armour, stealthy swim, amphibious, 8 rings, constrict 8, camouflage
1, gelatinous body 1
a: Evoke Flight


You were on level 5 of the Dungeon.
You were very hungry.

You visited 1 branch of the dungeon, and saw 5 of its levels.

You collected 224 gold pieces.

Inventory:

Hand Weapons
 a - a +0 flail
 A - the +10 trident "Rimpet" (weapon) {antimagic, -Tele rN++ Int+3}
   (You found it on level 4 of the Dungeon)

   It reduces the magical energy of the wielder, and disrupts the spells and
   magical abilities of those hit.
   Natural abilities and divine invocations are not affected.
   It affects your intelligence (+3).
   It greatly protects you from negative energy.
   It prevents most forms of teleportation.
Armour
 b - a +0 shield (worn)
Jewellery
 e - a ring of protection from cold (right tentacle)
 i - a ring of flight (left tentacle)
 o - a ring of see invisible (on tentacle)
 y - a ring of protection from fire (on tentacle)
Wands
 c - a wand of polymorph (3)
 z - a wand of random effects (24)
Scrolls
 f - 3 scrolls of fog
 h - 3 scrolls of teleportation
 r - 2 scrolls of magic mapping
 s - a scroll of fear
 t - a scroll of enchant armour {unknown}
 u - 3 scrolls of identify
 v - a scroll of random uselessness {unknown}
 w - a scroll of immolation {unknown}
 x - a scroll of remove curse
Potions
 g - 2 potions of lignification
 j - a potion of degeneration {unknown}
 k - 2 potions of curing
 l - 2 potions of brilliance {unknown}
 m - a potion of agility {unknown}
 n - a potion of ambrosia {unknown}
 p - a potion of mutation {unknown}
 q - a potion of invisibility {unknown}
Comestibles
 d - 7 rations


   Skills:
 + Level 5.7 Fighting
 + Level 5.9 Maces & Flails
 + Level 5.0 Dodging
 + Level 4.9 Shields


You had 7 spell levels left.
You didn't know any spells.
Your spell library was empty.

Dungeon Overview and Level Annotations

Branches:
Dungeon (5/15)
 Temple: D:4-7

Altars:


Innate Abilities, Weirdness & Mutations

You cannot wear most types of armour.
You are very stealthy in the water. (Stealth+)
You are amphibious.
You can wear up to eight rings at the same time.
You can use your tentacles to constrict eight enemies at once.
Your skin changes colour to match your surroundings (Stealth+).
Your rubbery body absorbs attacks. (AC +1, EV +1)


Message History

The ooze is almost dead.
The orc closely misses you. x2; The ooze closely misses you.
The orc hits you with a +0 mace.
You hit the orc. You grab the orc. You squeeze the orc!
You kill the orc!
The orc hits you with a +0 dagger.
* * * LOW HITPOINT WARNING * * *
You block the ooze's attack. The orc hits you but does no damage.
You barely miss the orc. You grab the orc.
You squeeze the orc, but do no damage. You constrict the orc.
You are feeling very hungry.
The ooze hits you.
* * * LOW HITPOINT WARNING * * *
The orc closely misses you. The ooze hits you.
* * * LOW HITPOINT WARNING * * *
You puncture the ooze!
You kill the ooze!
You constrict the orc. You block the orc's attack.
The orc hits you with a +0 dagger.
You die...

#......#
#......#
#......#
######.# #.#
#.### #...#
####.#######
#...)@)....#
#....o.).....#
#..............
#..............
#..............
#%.............
#..............
##............#


You could see an orc.

Vanquished Creatures
  Grinder (D:3)
  Duvessa (D:4)
  2 ogres (D:4)
  Dowan (D:4)
  2 hounds (D:4)
  3 orc wizards
  Crazy Yiuf (D:2)
  2 orc priests
  Jessica (D:3)
  Ijyb (D:4)
  A worker ant (D:4)
  11 adders
  2 oozes
  4 worms
  3 dart slugs
  A leopard gecko (D:3)
  18 orcs
  A ball python (D:3)
  3 giant cockroaches (D:1)
  14 goblins
  6 hobgoblins
  5 jackals
  2 quokkas (D:4)
  9 bats
  6 frilled lizards
  3 kobolds
  A leopard gecko skeleton (D:5)
  A quokka skeleton (D:4)
  8 rats
114 creatures vanquished.

Notes
Turn   | Place    | Note
-------+----------+-------------------------------------------
     0 | D:1      | Ijustatesigmund the Octopode Fighter began the quest for
                  | the Orb.
     0 | D:1      | Reached XP level 1. HP: 16/16 MP: 1/1
   345 | D:1      | Reached XP level 2. HP: 21/21 MP: 2/2
   962 | D:2      | Reached XP level 3. HP: 18/26 MP: 3/3
  1385 | D:2      | Reached XP level 4. HP: 24/32 MP: 4/4
  1501 | D:2      | Found a runed translucent door.
  1502 | D:2      | Noticed Crazy Yiuf
  1685 | D:2      | You fall into a shaft and drop 2 floors!
  1890 | D:2      | Killed Crazy Yiuf
  1937 | D:3      | Reached XP level 5. HP: 31/37 MP: 5/5
  2443 | D:3      | Noticed Grinder
  2444 | D:3      | Noticed Jessica
  2448 | D:3      | Paralysed by Grinder for 6 turns
  2458 | D:3      | Killed Grinder
  2458 | D:3      | Reached XP level 6. HP: 39/44 MP: 6/6
  2460 | D:3      | Killed Jessica
  2724 | D:3      | Reached skill level 5 in Maces & Flails
  2895 | D:4      | Noticed Duvessa
  2896 | D:4      | Noticed Dowan
  2913 | D:4      | Killed Duvessa
  2913 | D:4      | Reached XP level 7. HP: 30/49 MP: 7/7
  2917 | D:4      | Killed Dowan
  2917 | D:4      | Reached skill level 5 in Fighting
  3448 | D:4      | Reached XP level 8. HP: 44/56 MP: 8/8
  3750 | D:4      | Noticed Ijyb
  3755 | D:4      | Killed Ijyb
  3978 | D:4      | Got an ancient trident
  3979 | D:4      | Identified the +10 trident "Rimpet" {antimagic, -Tele rN++
                  | Int+3} (You found it on level 4 of the Dungeon)
  4122 | D:5      | Entered Level 5 of the Dungeon
  4147 | D:5      | Reached skill level 5 in Dodging
  4151 | D:5      | Slain by an orc

Levels and vault maps discovered:
D:1:      psy_arrival_spokes, layout_basic
D:2:      layout_basic, kennysheep_generic_room_6, uniq_crazy_yiuf_cottage
D:3:      layout_rooms, uniq_jessica, uniq_grinder
D:4:      layout_loops_corners, minmay_ogre_servants, uniq_ijyb, uniq_duvessa
D:5:      layout_rooms, grunt_temple_overflow_cloverleaf,
          minmay_temple_entry_junction, serial_shops,
          nicolae_shop_window_shopping, first_ration

Skill      XL: |  1  2  3  4  5  6  7  8 |
---------------+-------------------------+-----
Maces & Flails | 3 4 5 |  5.9
Fighting       | 4 5 |  5.7
Dodging        | 4 5 |  5.0
Shields        | 4 |  4.9

Action                   |  1- 3 |  4- 6 |  7- 9 || total
-------------------------+-------+-------+-------++-------
Melee: Flail             |    51 |    87 |    76 ||   214
       Constrict         |    14 |    26 |    22 ||    62
       Tentacles         |     8 |    21 |    12 ||    41
       Unarmed           |       |       |     6 ||     6
       Trident           |       |       |    15 ||    15
  Use: Scroll            |     6 |     3 |       ||     9
       Potion            |       |     4 |     3 ||     7
 Stab: Sleeping          |     5 |     8 |     5 ||    18
  Eat: Chunk             |     1 |     5 |       ||     6
       Ration            |       |       |     1 ||     1
Armor: Skin              |     4 |     5 |     4 ||    13
Dodge: Dodged            |    20 |    30 |    37 ||    87
Block: Shield            |    17 |    42 |    41 ||   100

Table legend:
 A = Non-vault XP
 B = Vault XP
 C = Vault XP percentage of total XP
 D = Non-vault monster count
 E = Vault monster count
 F = Vault count percentage of total count
                 A         B        C        D         E       F
            +---------+---------+-------+---------+---------+-------
      Total |     756 |     765 |  50.3 |      98 |      16 |  14.0
            +---------+---------+-------+---------+---------+-------
        D:1 |      19 |       0 |   0.0 |      11 |       0 |   0.0
        D:2 |      88 |      54 |  38.0 |      23 |       2 |   8.0
        D:3 |      98 |     309 |  75.9 |      27 |       2 |   6.9
        D:4 |     451 |     402 |  47.1 |      30 |      12 |  28.6
        D:5 |     100 |       0 |   0.0 |       7 |       0 |   0.0
            +---------+---------+-------+---------+---------+-------
